 Dungeon Crawl Stone Soup version 0.24.0-37-gcf1ca852f1 (webtiles) character file.

Game seed: 12064764178543479989, levelgen mode: deterministic

123 FishyPogo the Charmwright (level 5, 0/64 HPs)
             Began as a Gnoll Skald on Dec 7, 2019.
             Was a Follower of Yredelemnul.
             Slain by a river rat (4 damage)
             ... on level 3 of the Dungeon.
             The game lasted 00:08:07 (1761 turns).

FishyPogo the Charmwright (Gnoll Skald)             Turns: 1761, Time: 00:08:07

Health: 0/64       AC: 22    Str: 19    XL:     5   Next: 7%
Magic:  9/12       EV:  2    Int: 16    God:    Yredelemnul [*.....]
Gold:   83         SH:  0    Dex: 15    Spells: 3/14 levels left

rFire    . . .     SeeInvis .   b - +1 dagger (vamp)
rCold    . . .     Gourm    .   (no shield)
rNeg     + + +     Faith    .   (armour currently unavailable)
rPois    +         Spirit   .   (helmet currently unavailable)
rElec    .         Reflect  .   (cloak currently unavailable)
rCorr    .         Harm     .   (gloves currently unavailable)
MR       .....     NoTele   +   (boots currently unavailable)
Stlth    ++........             (no amulet)
HPRegen  0.20/turn              k - +3 ring of strength
MPRegen  0.13/turn              s - +3 ring of strength

@: tree-form, singing
A: distributed training, strong nose
a: Animate Remains, Renounce Religion


You were on level 3 of the Dungeon.
You worshipped Yredelemnul.
Yredelemnul was aware of your devotion.
You were hungry.
You were a tree.
You visited 1 branch of the dungeon, and saw 3 of its levels.

You collected 83 gold pieces.

Inventory:

Hand Weapons
 a - a +0 hand axe
 b - a +1 vampiric dagger (weapon)
Missiles
 c - 56 stones (quivered)
 h - 2 boomerangs of dispersal
 m - a throwing net
 t - 6 atropa-tipped darts
Armour
 e - a +0 leather armour (melded)
 j - a +1 cloak (melded)
Jewellery
 k - a +3 ring of strength (left branch)
 s - a +3 ring of strength (right branch)
Wands
 i - a wand of paralysis (7)
 l - a wand of polymorph (1)
Scrolls
 g - a scroll of remove curse
Potions
 f - a potion of lignification
 p - a potion of resistance
Comestibles
 d - 6 rations
 o - 6 chunks of flesh


   Skills:
 + Level 4.7 Fighting
 + Level 1.3 Short Blades
 + Level 1.3 Long Blades
 + Level 4.7 Axes
 + Level 1.3 Maces & Flails
 + Level 1.3 Polearms
 + Level 1.3 Staves
 + Level 1.3 Slings
 + Level 1.3 Bows
 + Level 1.3 Crossbows
 + Level 1.3 Throwing
 + Level 2.8 Armour
 + Level 4.7 Dodging
 + Level 1.3 Stealth
 + Level 1.3 Shields
 + Level 1.3 Unarmed Combat
 + Level 5.1 Spellcasting
 + Level 1.0 Conjurations
 + Level 1.0 Hexes
 + Level 5.5 Charms
 + Level 1.0 Summonings
 + Level 1.0 Necromancy
 + Level 1.0 Translocations
 + Level 1.0 Transmutations
 + Level 1.0 Fire Magic
 + Level 1.0 Ice Magic
 + Level 1.0 Air Magic
 + Level 1.0 Earth Magic
 + Level 1.0 Poison Magic
 + Level 1.4 Invocations
 + Level 1.3 Evocations


You had 3 spell levels left.
You knew the following spells:

 Your Spells              Type           Power        Failure   Level  Hunger
h - Regeneration          Chrm/Necr      ##........   12%         3    ###....
n - Spectral Weapon       Hex/Chrm       ##......     12%         3    ###....
p - Shroud of Golubria    Chrm/Tloc      ##....       6%          2    #......
u - Song of Slaying       Chrm           ###.....     2%          2    #......
y - Infusion              Chrm           ###.         1%          1    None

Your spell library contained the following spells:

 Spells                   Type           Power        Failure   Level  Hunger
 Animate Skeleton         Necr           N/A          10%         1    None
 Pain                     Necr           #...         10%         1    None
 Vampiric Draining        Necr           #.........   28%         3    ###....
 Animate Dead             Necr           N/A          67%         4    ####...


Dungeon Overview and Level Annotations

Branches:
Dungeon (3/15)

Altars:
Ashenzari
Yredelemnul

Portals:
Sewer: D:3


Innate Abilities, Weirdness & Mutations

Your experience applies equally to all skills.
((You have very sharp teeth.))
Your uncanny sense of smell can sniff out nearby items.


Message History

Yredelemnul accepts your kill.
You hit the river rat but do no damage. The river rat bites you.
* * * LOW HITPOINT WARNING * * *
Unknown command.
It was a potion of lignification.
You turn into a tree.
Your +1 cloak melds into your body.
Your +0 leather armour melds into your body.
Your roots penetrate the ground.
The river rat bites you but does no damage. x2
You are now empty-handed.
You feel a sense of dread.
e - a +1 vampiric dagger (weapon)
The river rat bites you but does no damage. x2
Adjust to which letter? (? for menu, Esc to quit)
b - a +1 vampiric dagger (weapon);
e - a +0 leather armour (melded)
You hit the river rat.
You feel better.
The river rat is lightly wounded.
The river rat bites you.
You die...
Your body rises from the dead as a mindless zombie.

........>.# #≈≈≈≈.####
..###...#.##### #≈≈≈≈.....
......##.)....# #≈≈≈......
.......)).....###≈≈.......
#.######.÷....##..........
..........................
..####...÷....##..........
............####rr........
#..######......#♣#########
##.. ####....!.....# .##..
#.#........# .######
#.##..<....# ......#
###....####### ###
.....(##...#
..#########.##.#.# ......#
#..#.#.## ......#
##.#.#..##


You could see 2 river rats.

Vanquished Creatures
  An orc priest (D:3)
  Robin (D:3)
  An adder (D:2)
  An adder skeleton (D:3)
  A dart slug (D:3)
  6 orcs (D:3)
  A ball python (D:3)
  3 bats
  6 giant cockroaches
  14 goblins
  10 hobgoblins
  4 kobolds
  2 quokkas
  2 frilled lizards
  3 rats
56 creatures vanquished.

Notes
Turn   | Place    | Note
-------+----------+-------------------------------------------
     0 | D:1      | FishyPogo the Gnoll Skald began the quest for the Orb.
     0 | D:1      | Reached XP level 1. HP: 20/20 MP: 6/6
   344 | D:1      | Reached XP level 2. HP: 22/26 MP: 7/7
   362 | D:1      | Learned a level 2 spell: Song of Slaying
   365 | D:1      | Learned a level 2 spell: Shroud of Golubria
   451 | D:1      | Found a shattered altar of Ashenzari.
  1130 | D:2      | Reached XP level 3. HP: 31/31 MP: 9/9
  1135 | D:2      | Learned a level 3 spell: Regeneration
  1139 | D:2      | Learned a level 3 spell: Spectral Weapon
  1208 | D:2      | Reached skill level 5 in Spellcasting
  1508 | D:3      | Reached skill level 1 in Invocations
  1531 | D:3      | Found a basalt altar of Yredelemnul.
  1539 | D:3      | Became a worshipper of Yredelemnul the Dark
  1630 | D:3      | Reached skill level 1 in Short Blades
  1630 | D:3      | Reached skill level 1 in Long Blades
  1630 | D:3      | Reached skill level 1 in Maces & Flails
  1630 | D:3      | Reached skill level 1 in Polearms
  1630 | D:3      | Reached skill level 1 in Staves
  1630 | D:3      | Reached skill level 1 in Slings
  1630 | D:3      | Reached skill level 1 in Bows
  1630 | D:3      | Reached skill level 1 in Crossbows
  1630 | D:3      | Reached skill level 1 in Throwing
  1630 | D:3      | Reached skill level 1 in Stealth
  1630 | D:3      | Reached skill level 1 in Shields
  1630 | D:3      | Reached skill level 1 in Unarmed Combat
  1630 | D:3      | Reached skill level 1 in Evocations
  1649 | D:3      | Noticed Robin
  1661 | D:3      | Reached XP level 4. HP: 34/38 MP: 0/11
  1688 | D:3      | Reached skill level 1 in Conjurations
  1688 | D:3      | Reached skill level 1 in Hexes
  1688 | D:3      | Reached skill level 1 in Summonings
  1688 | D:3      | Reached skill level 1 in Necromancy
  1688 | D:3      | Reached skill level 1 in Translocations
  1688 | D:3      | Reached skill level 1 in Transmutations
  1688 | D:3      | Reached skill level 1 in Fire Magic
  1688 | D:3      | Reached skill level 1 in Ice Magic
  1688 | D:3      | Reached skill level 1 in Air Magic
  1688 | D:3      | Reached skill level 1 in Earth Magic
  1688 | D:3      | Reached skill level 1 in Poison Magic
  1713 | D:3      | Killed Robin
  1713 | D:3      | Reached XP level 5. HP: 12/43 MP: 8/12
  1742 | D:3      | Found a glowing drain.
  1750 | D:3      | HP: 1/43 [river rat (6)]
  1755 | D:3      | Reached * piety under Yredelemnul
  1757 | D:3      | HP: 2/43 [river rat (4)]
  1761 | D:3      | Slain by a river rat

Levels and vault maps discovered:
D:1:      dpeg_arrival_three_same_balls, layout_basic, hex_intersection,
          evilmike_ruin_ashenzari
D:2:      layout_basic
D:3:      layout_rooms, lemuel_coloured_pillars_altar, portal_sewer_entry_b,
          first_ration, uniq_robin

Skill      XL: |  1  2  3  4 |
---------------+-------------+-----
Spellcasting   | 5 |  5.1
Invocations    | 1 |  1.4
Short Blades   | 1 |  1.3
Long Blades    | 1 |  1.3
Maces & Flails | 1 |  1.3
Polearms       | 1 |  1.3
Staves         | 1 |  1.3
Slings         | 1 |  1.3
Bows           | 1 |  1.3
Crossbows      | 1 |  1.3
Throwing       | 1 |  1.3
Stealth        | 1 |  1.3
Shields        | 1 |  1.3
Unarmed Combat | 1 |  1.3
Evocations     | 1 |  1.3
Conjurations   | 1 |  1.0
Hexes          | 1 |  1.0
Summonings     | 1 |  1.0
Necromancy     | 1 |  1.0
Translocations | 1 |  1.0
Transmutations | 1 |  1.0
Fire Magic     | 1 |  1.0
Ice Magic      | 1 |  1.0
Air Magic      | 1 |  1.0
Earth Magic    | 1 |  1.0
Poison Magic   | 1 |  1.0
Fighting       | |  4.7
Axes           | |  4.7
Armour         | |  2.8
Dodging        | |  4.7
Charms         | |  5.5

Action                   |  1- 3 |  4- 6 || total
-------------------------+-------+-------++-------
Melee: Dagger            |   135 |    18 ||   153
       Bite              |    15 |     2 ||    17
       Punch             |     1 |       ||     1
       Unarmed           |       |    15 ||    15
       Hand axe          |       |    13 ||    13
 Cast: Spectral Weapon   |     3 |       ||     3
       Song of Slaying   |     2 |     2 ||     4
       Regeneration      |     1 |     2 ||     3
       Infusion          |     1 |       ||     1
       Shroud of Golubri |       |     1 ||     1
  Use: Scroll            |     4 |       ||     4
       Potion            |       |     4 ||     4
 Stab: Sleeping          |     2 |       ||     2
  Eat: Chunk             |     3 |       ||     3
Armor: Leather armour    |    37 |    31 ||    68
       Skin              |       |     5 ||     5
Dodge: Dodged            |   111 |   109 ||   220
